 Dungeon Sprint DCSS version 0.31-a0-963-ga325b2283a (webtiles) character file.

Game seed: 8649974136857015346

900 rocky1 the Grappler (level 8, -10/53 HPs)
             Began as a Tengu Shapeshifter on Oct 25, 2023.
             Was an Initiate of Gozag.
             Mangled by a phantasmal warrior (21 damage)
             ... in the Dungeon (Sprint VII: "The Pits").
             The game lasted 00:02:53 (926 turns).

rocky1 the Grappler (Tengu Shapeshifter)             Turns: 926, Time: 00:02:54

Health: -10/53     AC: 16    Str: 19    XL:     8   Next: 7%
Magic:  9/9        EV: 15    Int: 11    God:    Gozag
Gold:   2187       SH:  0    Dex: 14    Spells: 7/7 levels left

rFire   . .          .
                       - Unarmed
rCold   . . .        (no shield)
rNeg    . . .        t - +3 plate armour {Will+}
rPois   .            (helmet currently unavailable)
rElec   .            (cloak currently unavailable)
rCorr   .            (gloves currently unavailable)
SInv    .            (boots unavailable)
Will    .....        (no amulet) Stlth
                     q - +3 ring of evasion
HPRegen 0.28/turn    p - +3 ring of strength
MPRegen 0.11/turn

%: no teleportation, acrobat
@: beast-form, weak-willed, gold aura, flying
A: beast (slay +3), flying, beak, talons 3, evasive flight, acrobatic
a: Begin Untransformation, Renounce Religion, Potion Petition, Call Merchant,
Bribe Branch


You were in the Dungeon.
You worshipped Gozag.
Gozag was most pleased with you.
You were a hulking beast.
You visited 1 branch You collected 2187 gold pieces.

Inventory:

Armour
 a - a +0 animal skin
 o - a +2 plate armour
 t - a +3 plate armour of willpower (worn)
Jewellery
 p - a +3 ring of strength (right hand)
 q - a +3 ring of evasion (left hand)
Talismans
 c - a beast talisman
 d - a flux talisman
Scrolls
 j - a scroll of blinking
 l - 2 scrolls of vulnerability
 m - 5 scrolls of amnesia
 n - a scroll of butterflies
Potions
 b - a potion of lignification
 e - 7 potions of curing
 f - 7 potions of heal wounds
 g - a potion of haste
 h - 4 potions of magic
 i - 3 potions of berserk rage
 k - 2 potions of invisibility
 r - a potion of might
 s - a potion of mutation


   Skills:
 + Level 7.2 Fighting
 + Level 6.8 Armour
 + Level 8.0 Dodging
 * Level 11.6 Unarmed Combat
 + Level 6.5 Shapeshifting


You had 7 spell levels left.
You didn't know any spells.
Your spell library was empty.

Dungeon Overview and Level Annotations

Branches:
Dungeon (1/1)

Altars:
Ashenzari
Cheibriados
Dithmenos
Elyvilon
Fedhas
Gozag
Hepliaklqana
Kikubaaqudgha
Makhleb
Nemelex Xobeh
Okawaru
Qazlal
Ru
Sif Muna
Trog
Uskayaw
Vehumet
Wu Jian
Xom
Yredelemnul
Zin
The Shining One
Jiyva
Lugonu


Innate Abilities, Weirdness & Mutations

You are a hulking beast.
Your limbs bulge with bestial killing power. (Slay +3)
You are flying.
You have a beak for a mouth.
You have claws for feet.
Your magical flight helps you evade attacks. (EV +4)
You can magically evade attacks while moving or waiting.


Message History

You reach down and open the huge gate.
A phantasmal warrior and a redback come into view.
The redback misses you.
You punch the redback! You claw the redback. Your peck misses the redback.
The redback is heavily wounded.
The redback bites you.
You hit the redback.
The redback is heavily wounded.
The redback barely misses you.
You closely miss the redback. Your kick misses the redback.
The redback is heavily wounded.
The redback closely misses you. The phantasmal warrior gestures at you.
The phantasmal warrior blinks!
You barely miss the redback. You peck the redback.
The redback is severely wounded.
The redback bites you.
You are lethally poisoned!
The redback poisons you! The phantasmal warrior hits you!
You punch the redback!
You kill the redback!
You feel extremely sick.
Your Dodging skill increases to level 8!
You have reached level 8!
You feel agile.
Unknown command.
You feel better. The phantasmal warrior hits you!
* * * LOW HITPOINT WARNING * * *
Your willpower is stripped away!
Unknown command.
You punch the phantasmal warrior!
Your kick misses the phantasmal warrior.
The phantasmal warrior is moderately damaged.
The phantasmal warrior closely misses you.
You hit the phantasmal warrior.
You claw the phantasmal warrior, but do no damage.
The phantasmal warrior is moderately damaged.
The phantasmal warrior hits you!!
You die...
Your body crumbles into a pile of gold.

________.# ________.#
______...###########++######
########'##................#
.(.')))'.##......#..#......#
########.##................+
..........'................+
#####'#####.....W#..#......#
#..#..#..##.....h$.........#
#..'..'..#####'#####''######
##)####+###.......##''#
#.)).....##.......##.s..
#........##.......##.....
#####'#####...<...##.....#
#...)))[.##.......##...###
#...)))..##.......##..##
###########.......#


You could see a phantasmal warrior.

Vanquished Creatures
  A komodo dragon (D)
  A shadow (D)
  A redback (D)
  A jelly (D)
  5 orc priests (D)
  A hound (D)
  An iguana (D)
  2 orc wizards (D)
  2 gnolls (D)
  A river rat (D)
  An adder (D)
  An ufetubus (D)
  2 adder zombies (D)
  6 orcs (D)
  13 jackals (D)
  2 kobolds (D)
  A ball python (D)
  A rat (D)
43 creatures vanquished.

Notes
Turn   | Place    | Note
-------+----------+-------------------------------------------
     0 | D        | rocky1 the Tengu Shapeshifter began the quest for the Orb.
     0 | D        | Reached XP level 1. HP: 12/12 MP: 2/2
    16 | D        | Reached skill level 4 in Unarmed Combat
    42 | D        | Found a bloodstained altar of Trog.
    42 | D        | Found a shimmering blue altar of Sif Muna.
    42 | D        | Found a viscous altar of Jiyva.
    42 | D        | Found a hazy altar of Hepliaklqana.
    42 | D        | Found an opulent altar of Gozag.
    43 | D        | Found a glowing golden altar of the Shining One.
    43 | D        | Found a glowing silver altar of Zin.
    43 | D        | Found a basalt altar of Yredelemnul.
    43 | D        | Found a shimmering altar of Xom.
    43 | D        | Found an ornate altar of the Wu Jian Council.
    43 | D        | Found a sacrificial altar of Ru.
    43 | D        | Found a stormy altar of Qazlal.
    43 | D        | Found an iron altar of Okawaru.
    43 | D        | Found a sparkling altar of Nemelex Xobeh.
    43 | D        | Found a burning altar of Makhleb.
    43 | D        | Found a blossoming altar of Fedhas.
    43 | D        | Found a white marble altar of Elyvilon.
    43 | D        | Found a shadowy altar of Dithmenos.
    43 | D        | Found a snail-covered altar of Cheibriados.
    47 | D        | Found a corrupted altar of Lugonu.
    47 | D        | Found a radiant altar of Vehumet.
    48 | D        | Found a broken altar of Ashenzari.
    48 | D        | Found an ancient bone altar of Kikubaaqudgha.
    48 | D        | Found a hide-covered altar of Uskayaw.
    50 | D        | Became a worshipper of Gozag Ym Sagoz the Greedy
    67 | D        | Reached XP level 2. HP: 9/17 MP: 3/3
   123 | D        | Reached skill level 5 in Unarmed Combat
   123 | D        | Reached XP level 3. HP: 21/22 MP: 4/4
   339 | D        | Reached skill level 6 in Unarmed Combat
   463 | D        | Reached XP level 4. HP: 10/28 MP: 5/5
   476 | D        | Reached skill level 1 in Armour
   477 | D        | Reached skill level 7 in Unarmed Combat
   477 | D        | Reached XP level 5. HP: 7/33 MP: 6/6
   490 | D        | Reached skill level 5 in Dodging
   496 | D        | Reached skill level 8 in Unarmed Combat
   513 | D        | Reached skill level 5 in Fighting
   513 | D        | Reached skill level 5 in Shapeshifting
   513 | D        | Reached XP level 6. HP: 23/40 MP: 7/7
   529 | D        | Reached skill level 9 in Unarmed Combat
   623 | D        | Noticed a shadow
   628 | D        | Killed a shadow
   629 | D        | Reached skill level 5 in Armour
   629 | D        | Reached skill level 10 in Unarmed Combat
   629 | D        | Gained mutation: Your magical flight helps you evade
                  | attacks. (EV +4) [Tengu growth]
   629 | D        | Reached XP level 7. HP: 42/46 MP: 8/8
   661 | D        | Noticed a komodo dragon
   675 | D        | Killed a komodo dragon
   676 | D        | Reached skill level 11 in Unarmed Combat
   913 | D        | Noticed a phantasmal warrior
   913 | D        | Noticed a redback
   923 | D        | Killed a redback
   924 | D        | Reached XP level 8. HP: 22/53 MP: 9/9
   926 | D        | Mangled by a phantasmal warrior

Illustrated notes

Levels and vault maps discovered:
D:        pitsprint [storerooms_1, entrance_room_1, metal_vault_4, armoury_1,
          mini_pit_1, grid_room_1, main_hall_1, silver_pit, the_coven_3,
          the_vestibule_1, steel_vault_3, golden_pit, hallway_of_sentries,
          crystal_vault_2, iron_vault_5, final_vault]

Skill      XL: |  1  2  3  4  5  6  7 |
---------------+----------------------+-----
Unarmed Combat | 4 5 6 7 8 10 11 | 11.6
Fighting       | 2 3 4 5 6 7 |  7.2
Dodging        | 3 4 5 6 8 |  8.0
Shapeshifting  | 3 4 5 6 |  6.5
Armour         | 2 4 5 6 |  6.8

Action                     |  1- 3 |  4- 6 |  7- 9 || total
---------------------------+-------+-------+-------++-------
  Melee: Unarmed           |    32 |    59 |    24 ||   115
         Kick              |     9 |    15 |     4 ||    28
         Peck              |     4 |     3 |     4 ||    11
         Punch             |     1 |     2 |     1 ||     4
    Use: Potion            |       |     5 |     2 ||     7
 Armour: Animal skin       |     9 |       |       ||     9
         Plate armour      |     2 |    49 |     9 ||    60
  Dodge: Dodged            |    28 |    18 |     9 ||    55

Table legend: (Time is in decaauts)
 A = Elapsed time spent in this place.
 B = Non-inter-level travel time spent in this place.
 C = Inter-level travel time spent in this place.
 D = Time resting spent in this place.
 E = Time spent auto-exploring this place.
 F = Levels seen in this place.
 G = Mean time per level.
                   A        B        C        D        E       F      G
               +--------+--------+--------+--------+--------+-----+--------+
         Total |    916 |    858 |     58 |    502 |      0 |   1 |  916.0 |
       Dungeon |    916 |    858 |     58 |    502 |      0 |   1 |  916.0 |
               +--------+--------+--------+--------+--------+-----+--------+

Top non-repeatable levels by time:
       D: 916 daAuts
